 Dungeon Crawl Stone Soup version 0.16-a0-3326-gb44eaf1 (console) character file.

155 Fusha the Poker (level 5, -1/41 HPs)
             Began as a Merfolk Skald on Dec 27, 2014.
             Was a Follower of Ru.
             Slain by Grinder (7 damage)
             ... while paralysed by Grinder
             ... on level 4 of the Dungeon.
             The game lasted 00:13:40 (3599 turns).

Fusha the Poker (Merfolk Skald)                     Turns: 3599, Time: 00:13:40

Health: -1/41      AC:  6    Str: 12    XL:     5   Next: 37%
Magic:  8/9        EV:  2    Int: 13    God:    Ru [*.....]
Gold:   147        SH:  0    Dex: 13    Spells: 4 memorised, 0 levels left

rFire  . . .     SeeInvis .     a - +0 spear
rCold  . . .     Clarity  .     b - +0 leather armour
rNeg   . . .     SustAb   .     (no shield)
rPois  +         Gourm    +     (no helmet)
rElec  .         Spirit   .     (no cloak)
rCorr  .         Warding  .     k - +2 pair of gloves
rMut   .         Stasis   .     (no boots)
MR     .....                    u - amulet of the gourmand
Stlth  +.........               (no ring)
                                q - ring of poison resistance

@: paralysed, infused, not resistant to hostile enchantments, very unstealthy
A: change form in water, swift swim, hated by all
a: Renounce Religion


You were on level 4 of the Dungeon.
You worshipped Ru.
Ru was aware of your devotion.
You were not hungry.

You visited 1 branch of the dungeon, and saw 4 of its levels.

You collected 147 gold pieces.

Inventory:

Hand weapons
 a - a +0 spear (weapon)
Missiles
 m - 11 poisoned needles
Armour
 b - a +0 leather armour (worn)
 k - a +2 pair of gloves (worn)
Jewellery
 q - a ring of poison resistance (left hand)
 u - an amulet of the gourmand (around neck)
Magical devices
 r - a wand of disintegration (0)
Scrolls
 e - 2 scrolls of enchant armour {unknown}
 f - 3 scrolls of teleportation {unknown}
 g - a scroll of magic mapping {unknown}
 h - 2 scrolls of fear {unknown}
 j - 4 scrolls of identify {unknown}
 t - 2 scrolls of remove curse {unknown}
Potions
 i - a potion of heal wounds {unknown}
 l - 2 potions of agility {unknown}
 n - a potion of cancellation {unknown}
 o - a potion of brilliance {unknown}
 s - a potion of flight {unknown}
Books
 c - a book of Battle

   Spells                             Type                      Level
   a - Infusion                       Charms                       1
   b - Shroud of Golubria             Charms/Translocation         2
   c - Song of Sleighing              Charms                       2
   d - Spectral Weapon                Hexes/Charms                 3
   e - Regeneration                   Charms/Necromancy            3
Comestibles
 d - 5 bread rations
 p - 4 fruits


   Skills:
 + Level 3.2 Fighting
 + Level 4.5 Polearms
 - Level 1.0 Armour
 + Level 3.8 Dodging
 - Level 0.2 Stealth
 + Level 2.1 Spellcasting
 + Level 3.8 Charms


You couldn't memorise any spells.
You knew the following spells:

 Your Spells              Type           Power        Failure   Level  Hunger
a - Infusion              Chrm           ##....       8%          1    ##.....
b - Song of Sleighing     Chrm           ##......     10%         2    ###....
c - Shroud of Golubria    Chrm/Tloc      #.........   21%         2    ###....
d - Spectral Weapon       Hex/Chrm       #.......     38%         3    ####...


Dungeon Overview and Level Annotations

Branches:
Dungeon (4/15)
 Temple: D:4-7

Altars:
Ru

Shops:
D:4 (

Annotations:
D:4 Dowan, Grinder


Innate Abilities, Weirdness & Mutations

You revert to your normal form in water.
You are very nimble and swift while swimming.
You are hated by all.


Message History

Grinder blinks!
Attack whom?
Press: ? - help, Dir - move target cursor, f/p - Grinder
Aim: Grinder (almost dead)
You reach to attack!
You hit Grinder.
Grinder is almost dead.
You closely miss Grinder.
Grinder is almost dead.
Grinder says, "Don't move a muscle."
Grinder gestures at you.
You suddenly lose the ability to move!
Grinder hits you but does no damage.
Grinder gestures.
Grinder blinks!
Grinder hits you!
* * * LOW HITPOINT WARNING * * *
You writhe in agony.
* * * LOW HITPOINT WARNING * * *
Grinder hits you!
You die...

#.# #.# ####.####
#.###.# #.# #.....#
####.#### #########
#.......# # #.......#
#.##.##.# # #.#####.#
#.##.##.# # #.#####.#
#.##.##.###
#.#...#.#####.##.......
#.#.#.@....##.##.##.###
#.#..5#.##.##.#...#.# #
#.##.##.##.##.......# #
#.......##.##.......# #
####.#####.##.......###
#.# #............. #.#
####.......##. #.#
##......##. #.#
#..........


You could see Grinder.

Vanquished Creatures
  A worker ant (D:3)
  3 adders
  2 worms
  4 giant geckos
  An ooze (D:2)
  6 orcs (D:3)
  7 bats
  10 giant cockroaches
  9 goblins
  8 hobgoblins
  6 jackals
  3 quokkas
  A giant newt (D:4)
  10 kobolds
  7 rats
  3 toadstools (D:1)
81 creatures vanquished.

Vanquished Creatures (others)
  An ogre (D:4)
  2 worker ants (D:4)
  An orc wizard (D:4)
  An adder (D:4)
  A worm (D:4)
  A bat (D:4)
  A hobgoblin (D:4)
  2 giant newts (D:4)
  A goblin (D:4)
  2 kobolds (D:4)
  A toadstool (D:1)
14 creatures vanquished.

Grand Total: 95 creatures vanquished

Notes
Turn   | Place    | Note
--------------------------------------------------------------
     0 | D:1      | Fusha, the Merfolk Skald, began the quest for the Orb.
     0 | D:1      | Reached XP level 1. HP: 16/16 MP: 3/3
    58 | D:1      | Reached XP level 2. HP: 18/23 MP: 4/4
    81 | D:1      | Learned a level 2 spell: Song of Sleighing
   533 | D:2      | Reached XP level 3. HP: 28/28 MP: 6/6
  1582 | D:2      | Reached skill level 4 in Polearms
  1797 | D:3      | Reached XP level 4. HP: 32/34 MP: 7/7
  1907 | D:3      | Reached skill level 1 in Armour
  1960 | D:3      | Found a sacrificial altar of Ru.
  2096 | D:3      | Became a worshipper of Ru the Awakened
  2429 | D:3      | Reached XP level 5. HP: 23/41 MP: 5/9
  2857 | D:4      | Killed an ogre
  3240 | D:4      | Found Ubuiwafru's Weapon Boutique.
  3326 | D:4      | Learned a level 2 spell: Shroud of Golubria
  3330 | D:4      | Learned a level 3 spell: Spectral Weapon
  3502 | D:4      | Gained mutation: You are hated by all. [Ru sacrifice]
  3502 | D:4      | Acquired Ru's first power
  3557 | D:4      | Noticed Grinder
  3558 | D:4      | Noticed Dowan
  3593 | D:4      | Paralysed by Grinder for 6 turns
  3599 | D:4      | Slain by Grinder

Action                   |  1- 3 |  4- 6 || total
-------------------------+-------+-------++-------
Melee: Spear             |   211 |   217 ||   428
 Cast: Infusion          |       |     3 ||     3
       Song of Sleighing |       |     3 ||     3
Invok: Sacrifice Love    |       |     1 ||     1
Evoke: Wand              |       |     3 ||     3
 Stab: Sleeping          |     2 |       ||     2
  Eat: Chunk             |     3 |     7 ||    10
